 Dungeon Crawl Stone Soup version 0.31-a0-210-gccc998df9b (webtiles) character file.

Game seed: 15123389712948081476

1030 gelatine the Stinger (level 8, -1/56 HPs)
             Began as a Demonspawn Venom Mage on June 29, 2023.
             Was an Initiate of Vehumet.
             Engulfed by a cloud of steam (13 damage)
             ... on level 5 of the Dungeon.
             The game lasted 00:16:27 (5874 turns).

gelatine the Stinger (Demonspawn Venom Mage)        Turns: 5874, Time: 00:16:27

Health: -1/56      AC:  9    Str:  9    XL:     8   Next: 3%
Magic:  13/14      EV: 17    Int: 21    God:    Vehumet [......]
Gold:   112        SH:  0    Dex: 14    Spells: 4/15 levels left

rFire   x . .        y - +6 dagger of Breach {flame, rF- Int+3}
rCold   . . .        (no shield)
rNeg    . . .        a - +0 robe
rPois   .            t - +0 helmet
rElec   .            (no cloak)
rCorr   .            (no gloves)
SInv    .            j - +2 pair of boots
Will    .....        q - amulet of the acrobat
Stlth   ++           h - +5 ring of evasion
HPRegen 0.29/turn    (no ring)
MPRegen 0.14/turn

%: acrobat
@: no status effects
A: slimy green scales 2, condensation shield, weakness stinger 1
a: Renounce Religion


You were on level 5 of the Dungeon.
You worshipped Vehumet.
Vehumet was noncommittal.
You visited 2 branches of the dungeon, and saw 6 of its levels.
You also visited: Sewer.

You collected 112 gold pieces.

Inventory:

Hand Weapons
 c - a +0 dagger
 g - a +0 rapier
 l - a +0 dagger of speed
 y - the +6 dagger of Breach (weapon) {flame, rF- Int+3}
   (You took it off a goblin on level 4 of the Dungeon)

   Int:       It affects your intelligence (+3).
   rF:        It makes you vulnerable to fire.
Armour
 a - a +0 robe (worn)
 i - an orb of energy
 j - a +2 pair of boots (worn)
 t - a +0 helmet (worn)
Jewellery
 h - a +5 ring of evasion (left hand)
 q - an amulet of the acrobat (around neck)
Wands
 A - a wand of digging (4)
Scrolls
 e - 2 scrolls of revelation {unknown}
 f - 2 scrolls of amnesia {unknown}
 k - 2 scrolls of poison {unknown}
 m - a scroll of fear {unknown}
 n - 5 scrolls of identify {unknown}
 o - a scroll of immolation {unknown}
 r - 4 scrolls of blinking
 w - 2 scrolls of enchant armour {unknown}
 x - a scroll of enchant weapon {unknown}
 z - a scroll of teleportation {unknown}
Potions
 b - 2 potions of magic
 d - a potion of mutation {unknown}
 p - a potion of might {unknown}
 s - a potion of heal wounds {unknown}
 u - a potion of berserk rage {unknown}
 v - 2 potions of curing


   Skills:
 * Level 2.2 Fighting
 * Level 2.2 Short Blades
 * Level 2.8 Dodging
 + Level 2.1 Stealth
 * Level 4.1 Spellcasting
 * Level 2.4 Conjurations
 * Level 3.3 Transmutations
 * Level 1.8 Air Magic
 * Level 5.3 Poison Magic


You had 4 spell levels left.
You knew the following spells:

 Your Spells              Type           Power      Damage    Failure   Level
a - Sting                 Tmut/Pois      88%        1d7       1%          1
b - Poisonous Vapours     Pois/Air       38%        N/A       4%          2
c - Mephitic Cloud        Conj/Pois/Air  17%        N/A       10%         3
d - Olgreb's Toxic Radia  Pois           26%        N/A       13%         4
e - Magic Dart            Conj           56%        1d5       4%          1

Your spell library contained the following spells:

 Spells                   Type           Power      Damage    Failure   Level
 Searing Ray              Conj           28%        2d5       6%          2
 Momentum Strike          Conj/Tloc      18%        3d8       11%         2
 Slow                     Hex            16%        N/A       12%         1
 Blink                    Tloc           8%         N/A       19%         2
 Lesser Beckoning         Tloc           8%         N/A       19%         2
 Confusing Touch          Hex            4%         N/A       34%         3
 Vampiric Draining        Necr           4%         2d6       34%         3
 Fulminant Prism          Conj/Hex       4%         3d5       56%         4


Dungeon Overview and Level Annotations

Branches:
Dungeon (5/15)             Temple (1/1) D:4           Sewer (visited)

Altars:
Ashenzari
Dithmenos
Gozag
Hepliaklqana
Kikubaaqudgha
Okawaru
Qazlal
Ru
Sif Muna
Uskayaw
Vehumet
Wu Jian
Xom

Shops:
D:4 [

Annotations:
D:4 1 runed translucent door, XomNomNom's ghost, amateur GnMo


Innate Abilities, Weirdness & Mutations

You are mostly covered in slimy green scales. (AC +3)
A meltable shield of frost defends you. (SH +0)
You have a small tail.


Message History

The steam dragon is lightly wounded.
The steam dragon bites you. The steam dragon completely misses you.
You hit the steam dragon. You burn the steam dragon.
Your tail-slap misses the steam dragon.
The steam dragon is moderately wounded.
The steam dragon barely misses you. The steam dragon misses you.
You hit the steam dragon. You burn the steam dragon.
The steam dragon is heavily wounded.
The steam dragon barely misses you. The steam dragon misses you.
You hit the steam dragon. You burn the steam dragon.
Your tail-slap misses the steam dragon.
The steam dragon is severely wounded.
You block the steam dragon's attack. The steam dragon barely misses you.
You hit the steam dragon. You burn the steam dragon.
The steam dragon is severely wounded.
The steam dragon closely misses you.
The steam dragon claws you but does no damage.
You barely miss the steam dragon.
The steam dragon is severely wounded.
The steam dragon breathes steam at you. The ball of steam misses you.
You hear a shout!
You hear an angry hiss.
You completely miss the steam dragon.
The steam dragon is severely wounded.
You are engulfed in a cloud of scalding steam.
Your condensation shield dissipates!
The steam dragon closely misses you. x2
Unknown command.
The steam dragon bites you. The steam dragon completely misses you.
You hit the steam dragon. You burn the steam dragon.
The steam dragon is almost dead.
The steam dragon breathes steam at you. The ball of steam hits you!!
The steam scalds you terribly!
* * * LOW HITPOINT WARNING * * *
Unknown command.
You hit the steam dragon. You burn the steam dragon.
You kill the steam dragon!
Vehumet accepts your kill.
You are engulfed in a cloud of scalding steam.
You die...

#. ###.#######
......§...#####
##.###@§......
#
#..#.§.#.#####
#.#....§.# #
#..>.#.#.#
#.#..§.#.# #
#....#.#.#
#.#######.#.#
#.........#.#
#....##.#.#


There were no monsters in sight!

Vanquished Creatures
  Grinder (D:4)
  Sigmund (D:5)
  A steam dragon (D:5)
  Menkaure (D:4)
  2 bullfrogs (Sewer)
  A hound (D:4)
  A jelly (D:5)
  A gnoll bouda (D:4)
  A sleepcap (D:4)
  An iguana (D:4)
  An orc wizard (D:3)
  Robin (D:3)
  5 gnolls
  2 river rats (D:3)
  3 adders
  2 worms (D:2)
  2 dart slugs
  4 orcs (D:3)
  4 bats
  17 endoplasms
  13 giant cockroaches
  15 goblins
  9 hobgoblins
  10 kobolds
  13 quokkas
  16 ball pythons
  12 frilled lizards
  11 rats
151 creatures vanquished.

Notes
Turn   | Place    | Note
-------+----------+-------------------------------------------
     0 | D:1      | gelatine the Demonspawn Venom Mage began the quest for the
                  | Orb.
     0 | D:1      | Reached XP level 1. HP: 13/13 MP: 3/3
   276 | D:1      | Reached skill level 1 in Transmutations
   276 | D:1      | Gained mutation: You have a small tail. [demonic ancestry]
   276 | D:1      | Reached XP level 2. HP: 18/19 MP: 3/5
   989 | D:1      | Reached XP level 3. HP: 24/24 MP: 2/6
  1042 | D:1      | Found a faded altar of an unknown god.
  1828 | D:2      | Gained mutation: You are partially covered in slimy green
                  | scales. (AC +2) [demonic ancestry]
  1828 | D:2      | Reached XP level 4. HP: 31/31 MP: 1/7
  2234 | D:3      | Learned a level 2 spell: Poisonous Vapours
  2260 | D:3      | Learned a level 3 spell: Mephitic Cloud
  2378 | D:3      | Found a glowing drain.
  2461 | Sewer    | Entered a sewer
  3018 | Sewer    | Gained mutation: You are mostly covered in slimy green
                  | scales. (AC +3) [demonic ancestry]
  3018 | Sewer    | Reached XP level 5. HP: 36/36 MP: 5/9
  3197 | Sewer    | Reached skill level 4 in Poison Magic
  3275 | Sewer    | Reached skill level 1 in Fighting
  3286 | Sewer    | Reached skill level 1 in Short Blades
  3286 | Sewer    | Reached skill level 1 in Conjurations
  3286 | Sewer    | Reached XP level 6. HP: 35/43 MP: 1/10
  3440 | D:3      | Noticed Robin
  3461 | D:3      | Killed Robin
  3736 | D:3      | Reached skill level 1 in Air Magic
  4113 | D:4      | Found a staircase to the Ecumenical Temple.
  4119 | D:4      | Learned a level 4 spell: Olgreb's Toxic Radiance
  4152 | Temple   | Entered the Ecumenical Temple
  4205 | Temple   | Became a worshipper of Vehumet
  4404 | D:4      | Identified the +6 dagger of Breach {flame, rF- Int+3}
  4456 | D:4      | Noticed Grinder
  4461 | D:4      | Found a runed translucent door.
  4485 | D:4      | Noticed Menkaure
  4633 | D:3      | Learned a level 1 spell: Magic Dart
  4847 | D:4      | Noticed XomNomNom's ghost (amateur GnMo)
  4962 | D:4      | Killed Menkaure
  4963 | D:4      | Reached XP level 7. HP: 49/49 MP: 5/12
  5019 | D:4      | Paralysed by Grinder for 4 turns
  5032 | D:4      | Paralysed by Grinder for 4 turns
  5040 | D:4      | Killed Grinder
  5132 | D:4      | Found Coudybe's Antique Armour Shoppe.
  5301 | D:4      | Reached skill level 5 in Poison Magic
  5683 | D:5      | Entered Level 5 of the Dungeon
  5695 | D:5      | Noticed Sigmund
  5727 | D:5      | Killed Sigmund
  5728 | D:5      | Gained mutation: A meltable shield of frost defends you.
                  | (SH +0) [demonic ancestry]
  5728 | D:5      | Reached XP level 8. HP: 54/56 MP: 2/14
  5874 | D:5      | Engulfed by a cloud of steam

Illustrated notes

Levels and vault maps discovered:
D:1:      elethiomel_arrival_infinity_welcomes_careful_drivers, layout_basic,
          chequers_ecumenical_altar_simple
D:2:      layout_basic
D:3:      layout_basic, portal_sewer_entry_a, chequers_serial_rivers_large_a,
          uniq_robin
D:4:      layout_basic, minmay_temple_entry_offerings, ebering_ghost_sewer_d,
          serial_shops, nicolae_shop_just_a_little_nook, uniq_grinder,
          uniq_menkaure
D:5:      layout_basic, grunt_decor_resistance, hangedman_feature_mirror,
          palyth_stone_intersect, kennysheep_generic_room_9, uniq_edmund,
          uniq_sigmund, uniq_eustachio, uniq_crazy_yiuf_cottage
Temple:   nicolae_temple_god_jail

Skill      XL: |  1  2  3  4  5  6  7 |
---------------+----------------------+-----
Transmutations | 1 2 3 |  3.3
Dodging        | 2 |  2.8
Stealth        | 2 |  2.1
Poison Magic   | 4 5 |  5.3
Fighting       | 1 2 |  2.2
Spellcasting   | 3 4 |  4.1
Short Blades   | 1 2 |  2.2
Conjurations   | 1 2 |  2.4
Air Magic      | 1 |  1.8

Action                     |  1- 3 |  4- 6 |  7- 9 || total
---------------------------+-------+-------+-------++-------
  Melee: Dagger            |    61 |   166 |    32 ||   259
         Unarmed           |     1 |       |       ||     1
         Tailslap          |     6 |    31 |     2 ||    39
         Punch             |     1 |     3 |       ||     4
   Cast: Sting             |    87 |   101 |       ||   188
         Poisonous Vapours |       |    22 |       ||    22
         Mephitic Cloud    |       |     4 |     3 ||     7
         Magic Dart        |       |    17 |    39 ||    56
         Olgreb's Toxic Ra |       |     1 |       ||     1
 Armour: Robe              |    14 |    51 |     6 ||    71
  Dodge: Dodged            |    56 |   113 |    28 ||   197
  Block: Other             |       |       |     1 ||     1

Table legend: (Time is in decaauts)
 A = Elapsed time spent in this place.
 B = Non-inter-level travel time spent in this place.
 C = Inter-level travel time spent in this place.
 D = Time resting spent in this place.
 E = Time spent auto-exploring this place.
 F = Levels seen in this place.
 G = Mean time per level.
                   A        B        C        D        E       F      G
               +--------+--------+--------+--------+--------+-----+--------+
         Total |   5864 |   5723 |    141 |      0 |   4482 |   7 |  837.7 |
       Dungeon |   4922 |   4781 |    141 |      0 |   3840 |   5 |  984.4 |
        Temple |     62 |     62 |      0 |      0 |     26 |   1 |   62.0 |
         Sewer |    879 |    879 |      0 |      0 |    616 |   1 |  879.0 |
               +--------+--------+--------+--------+--------+-----+--------+

Top non-repeatable levels by time:
     D:1: 1343 daAuts
     D:4: 1339 daAuts
     D:3: 1170 daAuts
     D:2: 879 daAuts
   Sewer: 879 daAuts
     D:5: 188 daAuts
  Temple: 62 daAuts
